 Dungeon Crawl Stone Soup version 0.19.5 (webtiles) character file.

17 straycat the Skirmisher (level 2, 0/24 HPs)
             Began as a Demigod Wanderer on May 17, 2017.
             Slain by a jackal (2 damage)
             ... on level 1 of the Dungeon.
             The game lasted 00:10:18 (1628 turns).

straycat the Skirmisher (Demigod Wanderer)          Turns: 1628, Time: 00:10:18

Health: 0/24       AC:  2    Str: 14    XL:     2   Next: 30%
Magic:  5/5        EV: 12    Int: 15    God:
Gold:   24         SH:  0    Dex: 17    Spells: 0 memorised, 3 levels left

rFire  . . .     SeeInvis .     (no weapon)
rCold  . . .     Gourm    .     d - +0 robe
rNeg   . . .     Faith    .     (no shield)
rPois  .         Spirit   .     (no helmet)
rElec  .         Reflect  .     (no cloak)
rCorr  .         Harm     .     (no gloves)
MR     .....                    (no boots)
Stlth  ++........               (no amulet)
                                (no ring)
                                (no ring)

@: about to teleport
A: high mp 1
a: no special abilities


You were on level 1 of the Dungeon.
You were not hungry.

You visited 1 branch of the dungeon, and saw 1 of its levels.

You collected 24 gold pieces.

Inventory:

Hand Weapons
 a - a +2 short sword
 e - a +0 whip
 g - a +0 club
Missiles
 f - 13 arrows
 l - 23 stones (quivered)
Armour
 d - a +0 robe (worn)
 k - a +0 ring mail
Jewellery
 i - an uncursed ring of fire {unknown}
Potions
 j - a potion of flight {unknown}
 n - a potion of mutation {unknown}
Books
 c - Sif Muna's Grimoire of Clay

   Spells                             Type                      Level
   a - Sandblast                      Earth                        1
   b - Stone Arrow                    Conjuration/Earth            3
Comestibles
 h - a royal jelly


   Skills:
 * Level 2.2 Fighting
 + Level 1.8 Short Blades
 * Level 1.3 Dodging
 + Level 1.1 Stealth
   Level 1.0 Shields
 * Level 0.6 Unarmed Combat
 + Level 1.0 Spellcasting
   Level 1.0 Hexes
   Level 1.0 Earth Magic


You had 3 spell levels left.
You didn't know any spells.

Dungeon Overview and Level Annotations

Branches:
Dungeon (1/15)


Innate Abilities, Weirdness & Mutations

You have an increased reservoir of magic. (+10% MP)


Message History

You hit the jackal but do no damage. The bat hits you but does no damage.
The bat misses you. The jackal closely misses you.
You closely miss the jackal. The bat hits you.
* * * LOW HITPOINT WARNING * * *
The jackal closely misses you. The jackal barely misses you.
You closely miss the jackal. The bat hits you but does no damage.
The jackal misses you.
You hit the jackal.
The jackal is severely wounded.
The jackal bites you.
* * * LOW HITPOINT WARNING * * *
The bat hits you but does no damage.
You hit the jackal but do no damage.
The jackal is severely wounded.
The bat barely misses you. The jackal closely misses you. x2
As you read the scroll of teleportation, it crumbles to dust.
You feel strangely unstable. The bat hits you but does no damage.
The jackal barely misses you. The bat barely misses you. The jackal bites you.
You die...

###################(...#
..................#.#..#
....#.............#.. .#
...#...8....###...#(#..#
...#.......## ##..#.#..#..#
.##........## ##..#........
.#...##'#...###...#)#..####
....##..##....b...#.#.....
....#>##.#...8..@h†.# #...#
....###.##........#.# ....
#....####...###...#.# #..
...........## ##..#.# .#
.#.........## ##..#.#######
..##...8....###...#........
#...#.............#########
..................#
###################


You could see a jackal and a bat.

Vanquished Creatures
  A leopard gecko (D:1)
  A ball python (D:1)
  2 bats (D:1)
  4 hobgoblins (D:1)
  2 jackals (D:1)
  2 kobolds (D:1)
  2 rats (D:1)
14 creatures vanquished.

Notes
Turn   | Place    | Note
-------+----------+-------------------------------------------
     0 | D:1      | straycat the Demigod Wanderer began the quest for the Orb.
     0 | D:1      | straycat set off with: a +2 short sword, a scroll of teleportation, Sif Muna's Grimoire of Clay, a +0 robe, a bread ration
     0 | D:1      | Reached XP level 1. HP: 17/17 MP: 4/4
     0 | D:1      | Identified Sif Muna's Grimoire of Clay
   209 | D:1      | Reached skill level 2 in Fighting
   984 | D:1      | Reached XP level 2. HP: 15/24 MP: 5/5
  1628 | D:1      | Slain by a jackal

Skill      XL: |  1 |
---------------+----+-----
Fighting       | 2 |  2.2
Short Blades   | |  1.8
Dodging        | |  1.3
Stealth        | |  1.1
Shields        | |  1.0
Unarmed Combat | |  0.6
Spellcasting   | |  1.0
Hexes          | |  1.0
Earth Magic    | |  1.0

Action                   || total
-------------------------++-------
Melee: Unarmed           ||   132
Throw: Stone             ||    10
  Use: Scroll            ||     1
 Stab: Distracted        ||     2
  Eat: Bread ration      ||     1
Armor: Robe              ||    36
Dodge: Dodged            ||   116
